 Dungeon Crawl Stone Soup version 0.19.5 (webtiles) character file.

119 HeyBub the Slasher (level 4, 0/39 HPs)
             Began as a Minotaur Monk on May 5, 2017.
             Was a Believer of Trog.
             Slain by a water moccasin (6 damage)
             ... on level 3 of the Dungeon.
             The game lasted 00:02:58 (2608 turns).

HeyBub the Slasher (Minotaur Monk)                  Turns: 2608, Time: 00:02:59

Health: 0/39       AC:  2    Str: 17    XL:     4   Next: 73%
Magic:  3/3        EV: 10    Int:  7    God:    Trog [**....]
Gold:   92         SH:  7    Dex: 12    Spells: 0 memorised, 3 levels left

rFire  . . .     SeeInvis .     a - +0 falchion
rCold  . . .     Gourm    .     b - +0 robe
rNeg   . . .     Faith    .     g - +0 shield
rPois  .         Spirit   .     (helmet restricted)
rElec  .         Reflect  .     (no cloak)
rCorr  .         Harm     .     (no gloves)
MR     .....                    (no boots)
Stlth  ++........               (no amulet)
                                (no ring)
                                (no ring)

@: lethally poisoned (0 -> -7), invisible
A: retaliatory headbutt, horns 2
a: Berserk, Trog's Hand, Burn Spellbooks, Renounce Religion


You were on level 3 of the Dungeon.
You worshipped Trog.
Trog was pleased with you.
You were not hungry.

You visited 1 branch of the dungeon, and saw 3 of its levels.

You collected 92 gold pieces.

Inventory:

Hand Weapons
 a - a +0 falchion (weapon)
Armour
 b - a +0 robe (worn)
 g - a +0 shield (worn)
Scrolls
 e - a scroll of teleportation
 h - 2 scrolls of identify {unknown}
 j - a scroll of blinking {unknown}
 k - a scroll of enchant armour {unknown}
Potions
 d - 2 potions of agility
Comestibles
 c - 4 bread rations
 f - a meat ration


   Skills:
 - Level 3.6 Fighting
 + Level 6.6 Long Blades
 - Level 3.2 Dodging
 - Level 1.5 Stealth


You had 3 spell levels left.
You didn't know any spells.

Dungeon Overview and Level Annotations

Branches:
Dungeon (3/15)

Altars:
Cheibriados
Dithmenos
Qazlal
Trog
Yredelemnul


Innate Abilities, Weirdness & Mutations

You reflexively headbutt those who attack you in melee.
You have a pair of horns on your head.


Message History

A water moccasin is nearby!
You closely miss the water moccasin.
You feel sick. The water moccasin bites you! x2
Unknown command.
You miss the water moccasin.
You feel sick. The water moccasin bites you.
Unknown command.
You hit the water moccasin but do no damage.
You feel sick. The water moccasin barely misses you.
You block the water moccasin's attack.
You hit the water moccasin.
The water moccasin is lightly wounded.
You feel sick. The water moccasin closely misses you.
Unknown command.
You are too injured to fight recklessly!
It was a potion of invisibility.
You fade into invisibility!
You feel sick. The water moccasin bites you.
* * * LOW HITPOINT WARNING * * *
The water moccasin bites you.
You die...

#.# #.#
#.# #.#
#.# #†#
#.# #.# #
#@# #
#..S..# #
#.....# #
.......#
#
?##.....#
# #.
#.....# .
# #######
#


You could see a water moccasin.

Vanquished Creatures
  4 adders (D:2)
  2 worms (D:2)
  4 dart slugs
  4 leopard geckos
  10 bats
  5 giant cockroaches
  9 goblins
  7 hobgoblins
  A jackal (D:1)
  A ball python (D:2)
  3 frilled lizards
  6 kobolds
  6 rats
62 creatures vanquished.

Notes
Turn   | Place    | Note
-------+----------+-------------------------------------------
     0 | D:1      | HeyBub the Minotaur Monk began the quest for the Orb.
     0 | D:1      | Reached XP level 1. HP: 19/19 MP: 0/0
   116 | D:1      | Reached skill level 4 in Long Blades
   377 | D:1      | Reached XP level 2. HP: 26/26 MP: 1/1
   553 | D:1      | Reached skill level 5 in Long Blades
   654 | D:1      | Reached XP level 3. HP: 18/31 MP: 2/2
  1640 | D:2      | Reached skill level 6 in Long Blades
  1640 | D:2      | Reached XP level 4. HP: 39/39 MP: 3/3
  2213 | D:3      | Found a bloodstained altar of Trog.
  2215 | D:3      | Found a shadowy altar of Dithmenos.
  2217 | D:3      | Found a basalt altar of Yredelemnul.
  2219 | D:3      | Found a stormy altar of Qazlal.
  2220 | D:3      | Found a snail-covered altar of Cheibriados.
  2222 | D:3      | Became a worshipper of Trog the Wrathful
  2222 | D:3      | Reached * piety under Trog
  2222 | D:3      | Reached ** piety under Trog
  2598 | D:3      | Noticed a water moccasin
  2608 | D:3      | Slain by a water moccasin

Skill      XL: |  1  2  3 |
---------------+----------+-----
Long Blades    | 4 5 6 |  6.6
Fighting       | |  3.6
Dodging        | |  3.2
Stealth        | |  1.5

Action                   |  1- 3 |  4- 6 || total
-------------------------+-------+-------++-------
Melee: Falchion          |    90 |    46 ||   136
       Headbutt          |    13 |    10 ||    23
  Use: Scroll            |     5 |     1 ||     6
       Potion            |     2 |     2 ||     4
 Stab: Sleeping          |     2 |     2 ||     4
       Distracted        |     2 |       ||     2
  Eat: Bread ration      |     1 |       ||     1
       Beef jerky        |     1 |       ||     1
Armor: Robe              |    12 |     6 ||    18
Dodge: Dodged            |    41 |    17 ||    58
Block: Shield            |    37 |    15 ||    52
       Rpst.: Falchion   |     4 |     5 ||     9
